Map: Ruins of Seras

Players

LizardHeart

  • Race: Terran Terran
  • League: Silver

LindyHop - Winner!

  • Race: Zerg Zerg
  • League: Platinum

VOD

Have the link to the VOD?

Description

Time

  • Played on: Jan. 7, 2016, 4:42 p.m.
  • Length: 22:34
Show
View Real Time Build Order
Export as new Build Order

LizardHeart Terran 

Build Orders: Bio Mine 

Get SALT Encoding   

  12  0:01  SCV  
  13  0:13  SCV  
  14  0:18  Supply Depot  
  14  0:25  SCV  
  15  0:40  SCV  
  15  0:41  Barracks  
  16  0:52  SCV  
  17  1:04  SCV  
  18  1:16  SCV  
  19  1:24  Command Center  
  19  1:28  SCV  
  19  1:32  Supply Depot  
  20  1:41  Orbital Command  
  20  1:46  Marine  
  21  2:00  Bunker  
  21  2:05  Marine  
  22  2:11  SCV  
  22  2:13  Barracks  
  23  2:18  Refinery  
  23  2:22  Refinery, Marine  
  23  2:23  SCV  
  25  2:37  SCV  
  26  2:40  Marine  
  27  2:44  Barracks  
  27  2:49  SCV  
  28  2:54  Barracks  
  28  3:01  Orbital Command  
  28  3:06  Barracks Reactor, Barracks Tech Lab  
  28  3:08  SCV  
  29  3:20  SCV  
  29  3:21  Supply Depot  
  32  3:27  Marauder  
  32  3:32  SCV, Stimpack  
  33  3:34  Barracks Tech Lab  
  33  3:41  SCV  
  34  3:44  SCV  
  34  3:46  Marine x2  
  37  3:48  Barracks Reactor  
  37  3:53  SCV  
  38  3:56  SCV  
  38  3:57  Supply Depot  
  38  4:02  Combat Shields  
  39  4:05  SCV  
  39  4:08  SCV  
  41  4:17  SCV  
  41  4:20  SCV  
  43  4:27  Bunker  
  43  4:29  SCV  
  43  4:31  Marine x2  
  45  4:32  Marauder, Marine x2  
  45  4:33  Marauder  
  45  4:34  SCV  
  53  4:41  SCV  
  53  4:44  Engineering Bay  
  54  4:46  SCV  
  54  4:47  Engineering Bay  
  54  4:49  Marine x2  
  57  4:53  Marauder  
  57  4:54  SCV  
  57  4:55  Marauder  
  62  5:10  Supply Depot  
  62  5:11  Supply Depot  
  62  5:13  Supply Depot  
  62  5:14  Missile Turret  
  62  5:18  Missile Turret  
  62  5:25  Concussive Shells  
  62  5:27  Terran Infantry Weapons Level 1, Terran Infantry Armor Level 1  
  62  5:32  SCV x2  
  64  5:36  Refinery  
  64  5:42  Supply Depot  
  64  5:44  SCV x2, Refinery  
  66  5:50  Missile Turret  
  66  5:56  SCV x2  
  68  6:03  Marauder  
  68  6:04  Marine x4  
  71  6:05  Marauder  
  71  6:08  SCV x2  
  78  6:12  Factory  
  78  6:20  Barracks  
  78  6:21  Barracks, Marine  
  78  6:22  Barracks  
  78  6:25  Marauder  
  81  6:28  Supply Depot  
  81  6:33  Marine x2  
  81  6:34  Marauder  
  81  6:38  SCV  
  86  6:50  Supply Depot  
  86  6:54  Command Center  
  86  7:13  Barracks Tech Lab  
  86  7:14  Barracks Reactor, Barracks Tech Lab  
  86  7:17  Factory Reactor  
  86  7:20  Marauder x2  
  86  7:21  Marine x3  
  86  7:22  Marine  
  94  7:27  Supply Depot  
  94  7:31  Armory  
  94  7:38  Marine  
  94  7:39  Marine  
  94  7:42  Marauder  
  80  8:18  Missile Turret  
  80  8:19  Missile Turret  
  74  8:20  Missile Turret  
  74  8:21  Missile Turret  
  74  8:22  Missile Turret x2  
  74  8:23  Missile Turret  
  74  8:26  Missile Turret x3  
  63  8:27  Missile Turret  
  63  8:28  Terran Infantry Weapons Level 2, Missile Turret x2, Terran Infantry Armor Level 2  
  63  8:29  Marine  
  63  8:30  Marine x3  
  63  8:31  Missile Turret  
  63  8:32  Marine  
  66  8:35  Marine  
  66  8:37  Marine  
  66  8:38  Missile Turret  
  68  8:46  Orbital Command  
  68  8:55  Marine  
  68  8:56  Marine x5  
  68  8:57  Marine  
  75  9:11  Marine  
  75  9:12  Marine x2  
  75  9:13  Marine  
  75  9:14  Marine x5  
  75  9:15  Marine  
  85  9:27  Starport  
  85  9:29  Marine  
  85  9:30  Marine x2  
  88  9:32  Marine x4  
  88  9:33  Marine x2  
  88  9:38  Factory Tech Lab, Orbital Command  
  94  9:52  Marine x4  
  97  9:53  Marine x6  
  104  10:06  Medivac x2  
  108  10:10  Marine x4  
  112  10:29  Missile Turret  
  112  10:33  Missile Turret  
  112  10:34  Missile Turret  
  112  10:36  Missile Turret, Medivac  
  114  10:51  Terran Infantry Weapons Level 3, Terran Infantry Armor Level 3  
  114  10:53  Command Center  
  114  11:10  Refinery  
  114  11:11  Marine x3  
  114  11:12  Refinery, Marine x7  
  124  11:20  Drilling Claws  
  124  11:29  Marine x7  
  124  11:30  Factory  
  124  11:32  Factory  
  131  11:39  Marauder  
  133  11:50  Supply Depot  
  133  11:52  Supply Depot  
  133  11:57  Supply Depot  
  133  12:01  Supply Depot  
  133  12:04  Marauder x3, Marine x4  
  143  12:09  Supply Depot  
  143  12:14  Factory Reactor  
  143  12:16  Factory Reactor  
  143  12:22  Medivac x2  
  147  12:23  Widow Mine  
  140  12:39  Planetary Fortress  
  140  12:47  Missile Turret  
  140  12:52  SCV, Widow Mine  
  140  12:53  SCV x2  
  145  12:59  Marine  
  145  13:00  Marine x3  
  145  13:02  Widow Mine  
  145  13:04  SCV, Widow Mine  
  155  13:05  SCV x2, Widow Mine  
  155  13:07  Widow Mine  
  160  13:16  SCV  
  161  13:20  Widow Mine  
  163  13:30  SCV x4, Widow Mine  
  163  13:33  Widow Mine  
  171  13:34  Widow Mine  
  171  13:39  Refinery x2  
  173  13:42  SCV  
  174  14:14  Viking x2  
  173  14:17  Widow Mine x2  
  173  14:18  Widow Mine  
  179  14:32  Starport  
  179  14:37  Starport  
  179  14:44  Viking  
  188  15:09  Starport Reactor  
  188  15:13  Viking  
  188  15:14  Viking, Starport Reactor  
  185  15:18  Command Center  
  185  15:20  Terran Ship Weapons Level 1  
  184  15:43  Viking  
  186  16:00  Viking  
  188  16:05  Command Center  
  188  16:08  Viking x4  
  196  16:13  Hi-Sec Auto Tracking  
  196  16:14  Viking  
  196  16:16  Building Armor  
  198  16:30  Viking  
  200  16:38  Viking x3  
  165  17:37  Viking  
  165  17:38  Viking x5  
  156  18:07  Viking x2  
  156  18:08  Viking x4  
  155  18:27  Marine x5  
  155  18:37  Viking x2  
  155  18:38  Viking x4  
  127  18:59  Marauder  
  127  19:00  Marine x6, Marauder x3  
  141  19:07  Viking x3  
  147  19:18  Marine x6  
  147  19:21  Command Center, Marauder x4  
  161  19:32  Command Center  
  161  19:35  Marine  
  161  19:36  Marine x5  
  167  19:42  Marauder x3  
  172  20:36  Marine, Marauder x2  
  172  20:37  Marine x2, Marauder x2  
  172  20:38  Marine  
  172  20:39  Marine  
  175  20:58  Marauder x4  
  145  21:19  Marauder x3  
  145  21:20  Marauder  
  131  21:40  Marauder, Medivac  
  131  21:41  Marauder x3  
  141  22:02  Marauder x3  
  141  22:03  Marauder  
Show
View Real Time Build Order
Export as new Build Order

LindyHop Zerg - Winner!

Build Orders: Hatch First, Muta Ling Bane 

Get SALT Encoding   

  12  0:01  Drone  
  13  0:12  Overlord  
  13  0:17  Drone  
  14  0:31  Drone x2  
  14  0:34  Drone  
  17  0:55  Hatchery  
  16  0:58  Drone  
  16  1:01  Drone  
  18  1:05  Extractor  
  17  1:21  Spawning Pool  
  17  1:22  Drone  
  17  1:26  Drone  
  17  1:29  Drone  
  19  1:39  Drone  
  20  1:52  Drone  
  21  2:00  Overlord  
  21  2:07  Metabolic Boost  
  21  2:09  Queen  
  21  2:15  Queen  
  25  2:20  Zergling x2  
  26  2:27  Zergling x2  
  27  2:36  Overlord  
  26  2:41  Drone x2  
  26  2:42  Drone  
  29  2:51  Drone x2  
  31  3:03  Evolution Chamber, Drone x2  
  32  3:08  Drone  
  33  3:15  Roach Warren  
  33  3:16  Queen  
  33  3:34  Drone  
  33  3:35  Drone x2  
  33  3:36  Lair  
  33  3:37  Drone x2  
  38  3:56  Zerg Ground Armor Level 1  
  38  3:57  Hatchery  
  38  3:59  Drone, Extractor  
  37  4:08  Drone x4  
  41  4:16  Spore Crawler  
  40  4:18  Spore Crawler  
  40  4:19  Drone x3  
  40  4:22  Drone  
  43  4:32  Baneling Nest  
  43  4:37  Extractor  
  43  4:38  Drone x2, Extractor  
  42  4:42  Overlord  
  42  4:46  Overlord  
  42  4:52  Drone  
  43  5:06  Zergling x2  
  44  5:07  Zergling x16  
  44  5:12  Drone x4  
  56  5:23  Drone x3  
  59  5:28  Spire  
  59  5:31  Centrifical Hooks  
  59  5:35  Glial Reconstitution  
  58  5:43  Drone x4  
  58  5:44  Drone x3  
  58  5:48  Overlord  
  65  5:58  Overseer  
  65  6:06  Overlord x2  
  65  6:30  Overlord x2  
  65  6:32  Drone x3  
  68  6:33  Drone x4  
  68  6:37  Extractor  
  68  6:39  Extractor  
  70  6:43  Hatchery  
  70  6:45  Pneumatized Carapace  
  69  6:54  Baneling  
  69  6:55  Baneling x6  
  69  7:00  Drone x3  
  69  7:01  Drone x3  
  75  7:11  Zergling x18  
  75  7:12  Zergling x6  
  87  7:21  Hatchery  
  86  7:24  Zergling x6  
  89  7:36  Baneling  
  89  7:37  Baneling x4  
  89  7:38  Baneling  
  89  7:42  Mutalisk, Zergling x2  
  89  7:43  Mutalisk x7  
  102  7:55  Zergling x2  
  102  7:56  Zergling x6  
  87  8:04  Mutalisk  
  87  8:05  Mutalisk x2  
  88  8:08  Baneling  
  88  8:09  Baneling x4  
  88  8:10  Mutalisk x2  
  90  8:15  Zergling x2  
  90  8:19  Zergling x4  
  89  8:40  Zergling x2  
  89  8:41  Zergling x4  
  92  8:46  Hatchery  
  92  8:47  Zergling x4  
  93  8:51  Spine Crawler  
  93  8:52  Infestation Pit  
  93  8:53  Drone x3  
  93  8:54  Drone x3  
  97  8:56  Extractor  
  97  8:57  Extractor  
  97  9:00  Baneling x2  
  97  9:01  Baneling x4  
  95  9:18  Drone x4  
  95  9:23  Drone x3  
  95  9:24  Drone  
  103  9:25  Drone  
  103  9:26  Overlord x4  
  104  9:38  Hive  
  104  9:42  Zerg Melee Weapons Level 1  
  104  9:44  Zergling x2  
  104  9:45  Overlord x3  
  105  10:03  Zergling x6  
  107  10:16  Corruptor x5  
  107  10:17  Corruptor x3  
  107  10:19  Zergling x2  
  124  10:24  Drone x3  
  127  10:48  Drone x3  
  127  10:49  Drone x3  
  133  10:50  Drone x4  
  133  10:51  Drone x4  
  141  11:02  Greater Spire  
  140  11:18  Pathogen Glands  
  140  11:23  Hatchery  
  139  11:34  Zergling x2  
  139  11:35  Zergling x8  
  139  11:36  Overlord x6  
  144  11:52  Baneling x2  
  144  11:53  Baneling x6  
  144  11:54  Baneling x4  
  144  11:56  Zergling x8  
  144  11:57  Zergling x4  
  150  12:03  Drone  
  150  12:04  Drone x3  
  154  12:14  Brood Lord  
  154  12:15  Brood Lord x7  
  170  12:16  Zergling x2  
  170  12:17  Zergling x8  
  170  12:20  Zergling x4  
  177  12:29  Extractor  
  172  12:31  Extractor  
  172  12:36  Zergling x6  
  172  12:37  Zergling x2  
  173  12:38  Infestor x4  
  173  12:39  Infestor x2  
  173  12:43  Baneling x3  
  173  12:44  Baneling x6  
  185  12:45  Baneling x2  
  185  13:03  Zergling x2  
  185  13:04  Zergling x26  
  198  13:18  Zergling x12  
  198  13:19  Zergling x4  
  193  13:32  Zerg Flyer Weapons Level 1  
  193  13:36  Zerg Ground Armor Level 2  
  193  13:43  Ultralisk Cavern  
  193  13:45  Burrow  
  192  13:50  Baneling  
  192  13:51  Baneling x3  
  189  14:56  Viper x2  
  189  14:57  Viper  
  196  15:25  Hatchery  
  194  16:04  Chitinous Plating  
  194  16:05  Zerg Ground Armor Level 3  
  194  16:11  Evolution Chamber  
  183  16:43  Zergling x2  
  183  16:44  Zergling x32  
  184  17:03  Zergling x12  
  184  17:04  Zergling x4  
  184  17:06  Baneling x7  
  184  17:07  Baneling x2  
  175  17:42  Mutalisk  
  175  17:43  Mutalisk x14  
  175  17:44  Mutalisk  
  193  17:53  Ultralisk  
  199  18:11  Hatchery  
  166  18:22  Hatchery  
  111  18:41  Zergling x2  
  111  18:42  Zergling x22  
  115  18:53  Zergling x4  
  107  18:55  Ultralisk  
  107  19:04  Baneling x9  
  107  19:06  Ultralisk x3  
  107  19:08  Zerg Melee Weapons Level 2  
  125  19:21  Drone x3  
  134  19:24  Ultralisk x5  
  134  19:25  Ultralisk x2  
  134  19:31  Ultralisk x2  
  182  19:44  Zergling x2  
  182  19:45  Zergling x12  
  188  20:18  Ultralisk  
  188  20:20  Zergling x10  
  199  20:23  Extractor  
  199  20:24  Extractor  
  197  20:28  Drone x2  
  177  21:13  Zergling x12  
  177  21:14  Zergling x18  
  187  21:30  Spire  
  183  21:42  Drone x3  
  183  21:43  Drone x12  
Tags
 
Add a new tag
Caveats
  • Supply blocks, unpowered buildings, or Contaminate may cause inaccurate times.
  • Supply counts are checked every 10 seconds.